 Dungeon Crawl Stone Soup version 0.32-a0-904-gd9e1bd7 (webtiles) character file.

Game seed: 11561095176562072262

6 quokkaGoldrunner the Grasshopper (level 1, 0/11 HPs)
             Began as a Spriggan Warper on Apr 5, 2024.
             Killed from afar by a dart slug (5 damage)
             ... with a slug dart
             ... on level 1 of the Dungeon.
             The game lasted 00:00:20 (138 turns).

quokkaGoldrunner the Grasshopper (Spriggan Warper)   Turns: 138, Time: 00:00:20

Health: 0/11       AC:  2    Str:  7    XL:     1   Next: 75%
Magic:  5/5        EV: 16    Int: 14    God:
Gold:   36         SH:  0    Dex: 14    Spells: 5/5 levels left

rFire   . . .        a - +0 short sword
rCold   . . .        (no shield)
rNeg    . . .        b - +0 robe
rPois   .            (helmet restricted)
rElec   .            (no cloak)
rCorr   .            (gloves unavailable)
SInv    +            (boots unavailable)
Will    .....        (no amulet)
Stlth   +            (no ring)
HPRegen 0.21/turn    (no ring)
MPRegen 0.09/turn

%: no passive effects
@: very quick
A: very small, no large weapons, unfitting armour, see invisible, speed 3
a: no special abilities


You were on level 1 of the Dungeon.
You visited 1 branch of the dungeon, and saw 1 of its levels.

You collected 36 gold pieces.

Inventory:

Hand Weapons
 a - a +0 short sword (weapon)
Missiles
 d - 7 darts of dispersal (quivered)
Armour
 b - a +0 robe (worn)
Jewellery
 f - a ring of fire
Scrolls
 W - a scroll of blinking
Potions
 c - a potion of heal wounds {unknown}
 e - a potion of curing {unknown}


   Skills:
 + Level 1.8 Fighting
 + Level 2.5 Short Blades
 - Level 1.0 Throwing
 - Level 3.2 Dodging
 - Level 2.6 Spellcasting
 - Level 4.4 Translocations


You had 5 spell levels left.
You didn't know any spells.
Your spell library contained the following spells:

 Spells                   Type           Power      Damage    Failure   Level
 Blink                    Tloc           28%        N/A       5%          2
 Lesser Beckoning         Tloc           28%        N/A       5%          2
 Maxwell's Portable Pile  Tloc           14%        2d(6-17)  11%         3
 Teleport Other           Tloc           14%        N/A       11%         3
 Vhi's Electric Charge    Tloc/Air       16%        N/A       65%         4


Dungeon Overview and Level Annotations

Branches:
Dungeon (1/15)

Altars:


Innate Abilities, Weirdness & Mutations

You are very small and have problems with some larger weapons.
You are too small for most types of armour.
You have supernaturally acute eyesight. (SInv)
You cover ground extremely quickly. (Speed+++)


Message History

No target in view!
No target in view!
No target in view!
No target in view!
No target in view!
No target in view!
No target in view!
No target in view!
No target in view!
No target in view!
No target in view!
You now have 27 gold pieces (gained 11).
You see here a ball python corpse.
You now have 36 gold pieces (gained 9).
Found a stone staircase leading down.
There is a stone staircase leading down here.
A dart slug comes into view.
Found a bubbling yellow potion.
A dart slug is nearby!
A dart slug is nearby!
A goblin comes into view. It is wielding a +0 dagger.
Found a ring mail.
Found a robe and a blue potion.
Found a scroll labelled TUOSOT LOYS and a weird jewelled staff.
A frilled lizard comes into view.
Found a scroll of blinking.
The frilled lizard hisses angrily.
A frilled lizard comes into view.
The frilled lizard hisses angrily.
You hit the dart slug but do no damage. The dart slug misses you.
You hit the dart slug.
The dart slug is lightly wounded.
The goblin hits you with a +0 dagger. The dart slug bites you.
Looks drowsy 체력이 60% 이하.. @2 6 의 대미지, 남은 HP2 = 5/11 hp.
An endoplasm comes into view.
The goblin attacks as it pursues you! The goblin barely misses you.
The dart slug launches a dart at you. The slug dart hits you.
You die...

..|.....## #.~~~~~~..~~
.........# #~~~...~~..~
.........# ##~~..~..~~.~
.?.......###..#~..~~~.~~.~
....l....#...##~.~~.<.~~.~
..?..!w.[..# #~.~~.~~~..~
.....l...## #~.~~..~..~~
.......g..## #~..~~...~~~
.........@.####~~..~~~~~~(
.........#....##~~.......ß
.........####..#####++###.
...![....# #....# ##
.........# ##..###.#
........## #......#
J.....# ####.#.....####
##### #>...#####.....
#.#### ###.


You could see a dart slug, a goblin and 2 frilled lizards.

Vanquished Creatures
  A ball python (D:1)
  2 endoplasms (D:1)
  A hobgoblin (D:1)
  A rat (D:1)
5 creatures vanquished.

Notes
Turn   | Place    | Note
-------+----------+-------------------------------------------
     0 | D:1      | quokkaGoldrunner the Spriggan Warper began the quest for
                  | the Orb.
     0 | D:1      | Reached XP level 1. HP: 10/10 MP: 5/5
   138 | D:1      | Killed from afar by a dart slug

Illustrated notes

Levels and vault maps discovered:
D:1:      psy_arrival_whirlpool, layout_rooms, minmay_hexomino_u4

Action                     || total
---------------------------++-------
  Melee: Short sword       ||    12
   Stab: Sleeping          ||     1
 Armour: Robe              ||     5
  Dodge: Dodged            ||     5

Table legend: (Time is in decaauts)
 A = Elapsed time spent in this place.
 B = Non-inter-level travel time spent in this place.
 C = Inter-level travel time spent in this place.
 D = Time resting spent in this place.
 E = Time spent auto-exploring this place.
 F = Levels seen in this place.
 G = Mean time per level.
                   A        B        C        D        E       F      G
               +--------+--------+--------+--------+--------+-----+--------+
         Total |    101 |    101 |      0 |      0 |     73 |   1 |  101.0 |
       Dungeon |    101 |    101 |      0 |      0 |     73 |   1 |  101.0 |
               +--------+--------+--------+--------+--------+-----+--------+

Top non-repeatable levels by time:
     D:1: 101 daAuts
